 Dungeon Crawl Stone Soup version 0.27-a0-1193-g8631133539 (webtiles) character file.

Game seed: 16368194429809365165

1661 ahrsahrtis the Sneak (level 8, -7/62 HPs)
             Began as a Vampire Gladiator on May 26, 2021.
             Was a Follower of Cheibriados.
             Mangled by an orc warrior
             ... wielding a +3 war axe
              (14 damage)
             ... on level 6 of the Dungeon.
             The game lasted 00:19:25 (5790 turns).

ahrsahrtis the Sneak (Vampire Gladiator)            Turns: 5790, Time: 00:19:26

Health: -7/62      AC: 10    Str: 17    XL:     8   Next: 69%
Magic:  8/8        EV: 12    Int: 12    God:    Cheibriados [*.....]
Gold:   365        SH:  0    Dex: 18    Spells: 7/7 levels left

rFire    . . .     SeeInvis +   a - +0 rapier
rCold    + . .     Faith    .   (no shield)
rNeg     . . .     Spirit   .   j - +1 scale mail {Will+}
rPois    .         Reflect  .   c - +0 helmet
rElec    .         Harm     .   (no cloak)
rCorr    .         Rampage  .   e - +0 pair of gloves
Will     +....                  (no boots)
Stlth    +++.......             l - amulet of the acrobat
HPRegen  0.40/turn              h - ring of protection from cold
MPRegen  0.11/turn              (no ring)

@: healing quickly, very slow
A: alive, fangs 3, see invisible, vampiric 2
a: Exsanguinate, Renounce Religion, Bend Time


You were on level 6 of the Dungeon.
You worshipped Cheibriados.
Cheibriados was aware of your devotion.
You visited 1 branch of the dungeon, and saw 6 of its levels.
You also visited: Sewer.

You collected 365 gold pieces.

Inventory:

Hand Weapons
 a - a +0 rapier (weapon)
Missiles
 d - 3 throwing nets
 m - 11 poisoned darts (quivered)
Armour
 c - a +0 helmet (worn)
 e - a +0 pair of gloves (worn)
 j - a +1 scale mail of willpower (worn)
Jewellery
 h - a ring of protection from cold (left hand)
 l - an amulet of the acrobat (around neck)
 q - a +4 ring of evasion
Wands
 v - a wand of charming (7)
Scrolls
 b - a scroll of amnesia {unknown}
 f - 10 scrolls of identify {unknown}
 g - 3 scrolls of teleportation {unknown}
 k - a scroll of acquirement {unknown}
 n - a scroll of torment {unknown}
 r - a scroll of silence {unknown}
 u - a scroll of immolation {unknown}
Potions
 i - a potion of curing
 o - 3 potions of brilliance {unknown}
 p - a potion of berserk rage {unknown}
 s - 2 potions of magic {unknown}
 t - a potion of heal wounds {unknown}


   Skills:
 + Level 5.0 Fighting
 + Level 6.5 Short Blades
 + Level 2.4 Throwing
 + Level 4.0 Armour
 + Level 4.7 Dodging
 + Level 7.9 Stealth
 + Level 0.2 Invocations
 + Level 0.5 Evocations


You had 7 spell levels left.
You didn't know any spells.
Your spell library contained the following spells:

 Spells                   Type           Power      Damage    Failure   Level
 Animate Skeleton         Necr           0%         N/A       71%         1
 Apportation              Tloc           0%         N/A       71%         1
 Corona                   Hex            0%         N/A       71%         1
 Summon Small Mammal      Summ           0%         N/A       71%         1


Dungeon Overview and Level Annotations

Branches:
Dungeon (6/15)              Sewer (visited)
 Temple: D:4-7

Altars:
Cheibriados
Dithmenos
Gozag
Qazlal
Ru
Xom

Annotations:
D:5 avis's ghost, amateur DDNe


Innate Abilities, Weirdness & Mutations

Your natural rate of healing is accelerated.
You have razor-sharp teeth.
You have supernaturally acute eyesight. (SInv)
You are afflicted with vampirism and can become a bat while bloodless.


Message History

The orc priest hits you but does no damage.
You hit the orc priest.
You kill the orc priest!
Cheibriados appreciates the change of pace.
Your Fighting skill increases to level 5!
You puncture the orc!
You kill the orc!
Cheibriados appreciates the change of pace.
The orc shouts!
You hear a shout!
An orc comes into view. It is wielding a +0 whip.
An orc warrior comes into view. It is wielding a +3 war axe.
The orc wizard completely misses you.
An orc wizard comes into view. It is wielding a +0 dagger.
Items here: (( )))))))))))))) [[[[[ †††††.
You completely miss the orc wizard. Your bite misses the orc wizard.
You completely miss the orc. Your bite misses the orc.
The orc wizard hits you with a +0 dagger.
The orc hits you with a +0 club.
You see here a +0 club.
You hit the orc wizard but do no damage.
You bite the orc wizard!
The orc wizard is heavily wounded.
The orc wizard closely misses you.
The orc wizard points at itself and mumbles some strange words.
The orc wizard flickers and vanishes for a moment.
You hit the orc wizard.
The orc wizard is severely wounded.
You hit the orc warrior.
The orc warrior is lightly wounded.
You puncture the orc warrior!
The orc warrior is heavily wounded.
The orc warrior hits you but does no damage.
You hit the orc warrior but do no damage.
The orc warrior is heavily wounded.
The orc warrior hits you with a +3 war axe!
* * * LOW HITPOINT WARNING * * *
You hit the orc warrior but do no damage.
The orc warrior is heavily wounded.
The orc warrior hits you with a +3 war axe!
You die...

##.##....###
#.####....#
#####.#######.#
#.....#[...##.#
#.###.#.##....#
#.....#'#######
#........#
####).......#
#oo@........#
#o####......#
#o..# #.#....#
#8...8##.######
#..o.o####
.......
#.8...8.#
#.....o.#
#.......#


You could see an orc warrior, 2 orc wizards and an orc.

Vanquished Creatures
  Grinder (D:3)
  A yak (D:6)
  A water moccasin (D:5)
  Purgy (Sewer)
  An ice beast (D:6)
  A black bear (D:5)
  2 ogres
  A bullfrog (D:5)
  An orc priest (D:6)
  2 hounds
  A centaur skeleton (D:6)
  Terence (D:3)
  6 iguanas
  3 orc wizards
  2 hound skeletons (D:4)
  A howler monkey zombie (D:3)
  Robin (D:3)
  14 adders
  A white imp (D:6)
  2 ufetubi (D:5)
  2 adder skeletons
  A dart slug (D:4)
  26 orcs
  7 endoplasms
  4 giant cockroaches
  14 goblins
  10 hobgoblins
  5 jackals
  5 kobolds
  3 quokkas
  5 ball pythons
  6 bats
  2 frilled lizards
  10 rats
144 creatures vanquished.

Notes
Turn   | Place    | Note
-------+----------+-------------------------------------------
     0 | D:1      | ahrsahrtis the Vampire Gladiator began the quest for the
                  | Orb.
     0 | D:1      | Reached XP level 1. HP: 16/16 MP: 1/1
    99 | D:1      | Reached XP level 2. HP: 19/22 MP: 2/2
   318 | D:1      | Found a faded altar of an unknown god.
   384 | D:1      | Reached skill level 1 in Stealth
   900 | D:2      | Gained mutation: You are afflicted with vampirism and can
                  | become a bat while bloodless. [Vampire growth]
   900 | D:2      | Reached XP level 3. HP: 21/27 MP: 3/3
  1176 | D:2      | Reached skill level 2 in Stealth
  1600 | D:2      | Reached skill level 1 in Armour
  1774 | D:2      | Reached XP level 4. HP: 34/34 MP: 4/4
  2160 | D:3      | Noticed an ogre
  2176 | D:3      | Killed an ogre
  2177 | D:3      | Reached skill level 3 in Stealth
  2177 | D:3      | Reached XP level 5. HP: 23/40 MP: 5/5
  2431 | D:3      | Found an opulent altar of Gozag.
  2556 | D:3      | Noticed Terence
  2582 | D:3      | Killed Terence
  2593 | D:3      | Reached skill level 4 in Stealth
  2663 | D:3      | Noticed Grinder
  2665 | D:3      | Paralysed by Grinder for 5 turns
  2676 | D:3      | Paralysed by Grinder for 2 turns
  2688 | D:3      | Killed Grinder
  2689 | D:3      | Reached skill level 5 in Stealth
  2689 | D:3      | Reached XP level 6. HP: 20/47 MP: 6/6
  3055 | D:4      | Reached skill level 5 in Short Blades
  3093 | D:4      | Reached XP level 7. HP: 18/53 MP: 7/7
  3134 | D:4      | Noticed Robin
  3238 | D:3      | Killed Robin
  3267 | D:4      | Found a shimmering altar of Xom.
  3337 | D:4      | Found a glowing drain.
  3366 | Sewer    | Entered a sewer
  3394 | Sewer    | Noticed Purgy
  3408 | Sewer    | Killed Purgy
  3409 | Sewer    | Reached skill level 6 in Stealth
  4025 | D:5      | Entered Level 5 of the Dungeon
  4288 | D:5      | Reached XP level 8. HP: 31/61 MP: 8/8
  4437 | D:5      | Reached skill level 7 in Stealth
  4485 | D:5      | Found a sacrificial altar of Ru.
  4736 | D:5      | Found a runed translucent gate.
  4738 | D:5      | Found a runed translucent gate.
  4738 | D:5      | Found an opulent altar of Gozag.
  4743 | D:5      | Found a runed translucent gate.
  4743 | D:5      | Noticed avis's ghost (amateur DDNe)
  5222 | D:6      | Found a snail-covered altar of Cheibriados.
  5223 | D:6      | Found a stormy altar of Qazlal.
  5229 | D:6      | Became a worshipper of Cheibriados the Contemplative
  5282 | D:6      | Found a shadowy altar of Dithmenos.
  5505 | D:6      | Found a runed translucent door.
  5742 | D:6      | Reached * piety under Cheibriados
  5780 | D:6      | Reached skill level 5 in Fighting
  5790 | D:6      | Mangled by an orc warrior

Illustrated notes

Levels and vault maps discovered:
D:1:      amcnicky_arrival_choice, layout_basic,
          shapermc_ecumenical_altar_flowoftime
D:2:      layout_basic
D:3:      layout_basic, marbit_many_paths, uniq_terence, uniq_grinder
D:4:      layout_loops_cross, nicolae_overflow_crystal_walls,
          gup_sewer_entry_glass, uniq_robin
D:5:      layout_basic, nicolae_ru_great_annihilating_truth, ebering_ghost_gozag
D:6:      layout_basic, nicolae_dithmenos_the_darkroom,
          chequers_temple_overflow_statue_of_worship, minmay_crystal_water,
          lightli_church_of_beogh

Skill      XL: |  1  2  3  4  5  6  7  8 |
---------------+-------------------------+-----
Fighting       | 2 3 4 5 |  5.0
Stealth        | 1 2 3 5 6 7 |  7.9
Armour         | 1 2 3 4 |  4.0
Short Blades   | 4 5 6 |  6.5
Dodging        | 4 |  4.7
Throwing       | 2 |  2.4
Invocations    | |  0.2
Evocations     | |  0.5

Action                   |  1- 3 |  4- 6 |  7- 9 || total
-------------------------+-------+-------+-------++-------
Melee: Rapier            |   126 |   119 |   323 ||   568
       Bite              |    10 |    10 |    43 ||    63
Throw: Dart              |       |    28 |    16 ||    44
  Use: Potion            |       |     1 |     1 ||     2
 Stab: Sleeping          |       |       |     6 ||     6
       Paralysed         |       |       |     1 ||     1
Armor: Leather armour    |     9 |       |       ||     9
       Ring mail         |    35 |    25 |       ||    60
       Scale mail        |       |     7 |   149 ||   156
Dodge: Dodged            |    81 |    89 |   230 ||   400

Table legend: (Time is in decaauts)
 A = Elapsed time spent in this place.
 B = Non-inter-level travel time spent in this place.
 C = Inter-level travel time spent in this place.
 D = Time resting spent in this place.
 E = Time spent auto-exploring this place.
 F = Levels seen in this place.
 G = Mean time per level.
                   A        B        C        D        E       F      G
               +--------+--------+--------+--------+--------+-----+--------+
         Total |   5877 |   5690 |    187 |     84 |   4211 |   7 |  839.6 |
       Dungeon |   5754 |   5567 |    187 |     84 |   4136 |   6 |  959.0 |
         Sewer |    123 |    123 |      0 |      0 |     75 |   1 |  123.0 |
               +--------+--------+--------+--------+--------+-----+--------+

Top non-repeatable levels by time:
     D:2: 1309 daAuts
     D:6: 1013 daAuts
     D:3: 963 daAuts
     D:5: 842 daAuts
     D:4: 823 daAuts
     D:1: 802 daAuts
   Sewer: 123 daAuts
